 Dungeon Crawl Stone Soup version 0.27.1 (webtiles) character file.

Game seed: 1611309845348219447

127 Sabo the Shield-Bearer (level 5, -9/33 HPs)
             Began as a Gargoyle Fighter on Aug 31, 2021.
             Was an Initiate of Okawaru.
             Splashed by an oklob plant's acid (13 damage)
             ... created by the enmity of Fedhas Madash
             ... on level 3 of the Dungeon.
             The game lasted 00:14:24 (3513 turns).

Sabo the Shield-Bearer (Gargoyle Fighter)           Turns: 3513, Time: 00:14:24

Health: -9/33      AC:  9    Str: 20    XL:     5   Next: 11%
Magic:  5/5        EV:  7    Int:  9    God:    Okawaru [......]
Gold:   17         SH:  9    Dex:  9    Spells: 4/4 levels left

rFire    . . .     SeeInvis .   j - +2 short sword (holy)
rCold    . . .     Faith    .   c - +0 kite shield
rNeg     + . .     Spirit   .   b - +0 scale mail
rPois    ∞         Reflect  .   (no helmet)
rElec    +         Harm     .   (no cloak)
rCorr    .         Rampage  .   o - +0 pair of gloves
Will     .....                  n - +0 pair of boots
Stlth    ..........             (no amulet)
HPRegen  0.11/turn              (no ring)
MPRegen  0.09/turn              (no ring)

@: corroded
A: sickness immunity, AC +4, negative energy resistance 1, electricity
resistance, torment resistance 1, petrification resistance
a: Renounce Religion


You were on level 3 of the Dungeon.
You worshipped Okawaru.
Okawaru was noncommittal.
You visited 1 branch of the dungeon, and saw 3 of its levels.

You collected 17 gold pieces.

Inventory:

Hand Weapons
 a - a +0 flail
 j - a +2 short sword of holy wrath (weapon)
Missiles
 g - 33 arrows
 h - 20 sling bullets
 q - 144 stones (quivered)
Armour
 b - a +0 scale mail (worn)
 c - a +0 kite shield (worn)
 n - a +0 pair of boots (worn)
 o - a +0 pair of gloves (worn)
Scrolls
 e - a scroll of noise {unknown}
 i - a scroll of fog {unknown}
 k - a scroll of summoning
 l - a scroll of identify {unknown}
 p - a scroll of teleportation {unknown}
Potions
 f - 3 potions of curing {unknown}
 m - a potion of attraction {unknown}


   Skills:
 + Level 3.7 Fighting
 + Level 1.7 Short Blades
 + Level 2.3 Maces & Flails
 + Level 4.0 Armour
 + Level 0.8 Dodging
 + Level 0.1 Stealth
 + Level 4.3 Shields


You had 4 spell levels left.
You didn't know any spells.
Your spell library contained the following spells:

 Spells                   Type           Power      Damage    Failure   Level
 Slow                     Hex            0%         N/A       100%        2
 Confusing Touch          Hex            0%         N/A       100%        3
 Vampiric Draining        Necr           0%         2d6       100%        3


Dungeon Overview and Level Annotations

Branches:
Dungeon (3/15)

Altars:
Fedhas
Okawaru
Uskayaw

Annotations:
D:3 exclusion: oklob plant


Innate Abilities, Weirdness & Mutations

You are immune to sickness and miasma.
Your stone body is resilient. (AC +4)
You are immune to poison.
You resist negative energy. (rN+)
You are resistant to electric shocks. (rElec)
You are resistant to unholy torment.
You are immune to petrification.


Message History

You block the kobold's attack.
You see here 9 stones.
You closely miss the kobold. You block the kobold's attack.
You barely miss the kobold.
The kobold hits you but does no damage. x2
You barely miss the kobold. You block the kobold's attack.
The kobold hits you but does no damage.
You puncture the kobold!
You kill the kobold!
Okawaru accepts your kill. The kobold barely misses you.
The kobold hits you but does no damage.
You barely miss the kobold. You block the kobold's attack.
You closely miss the kobold. The kobold closely misses you.
You closely miss the kobold. You block the kobold's attack.
You closely miss the kobold. You block the kobold's attack.
The kobold barely misses you.
You puncture the kobold!
You kill the kobold!
Okawaru accepts your kill.
Items here: )) [ †.
q - 130 stones (gained 9)
q - 144 stones (gained 14)
You see here a kobold corpse.
You start resting.
You feel a little less mighty now.
You start resting.
Plants grow around you in an ominous manner.
Marking area around an oklob plant as unsafe for travelling.
An oklob plant comes into view.
Things that are here:
a +0 club; a kobold skeleton The oklob plant spits acid at you.
Fedhas protects a plant from harm.
The splash of acid hits you but does no damage.
You are splashed with acid!
The oklob plant spits acid at you.
Fedhas protects a plant from harm.
The splash of acid hits you!
* * * LOW HITPOINT WARNING * * *
The acid corrodes you!
You are splashed with acid!
You die...

.................................
≈≈..≈≈≈≈.≈≈.≈≈≈..≈≈≈..≈.≈≈≈≈...≈≈
≈≈≈≈≈≈≈≈≈≈≈≈≈≈≈≈≈≈≈≈≈≈≈≈≈≈≈≈≈≈≈≈≈
≈≈≈≈≈≈≈≈≈≈≈≈≈≈≈≈≈≈≈≈≈≈≈≈≈≈≈≈≈≈≈≈≈
≈≈≈≈≈≈≈≈#####≈≈≈≈≈≈≈≈≈≈≈≈≈≈≈≈≈≈≈≈
≈≈≈≈≈≈≈≈# #####################
≈≈≈≈≈≈≈≈# #.........f....#
#.......(fPf...+
#...@...)÷.....######
#......########......... #......
#......... #...... #.........
#+##... .......###### #...
........+ #... .........# ####
##########


You could see an oklob plant and 3 wandering mushrooms.

Vanquished Creatures
  Jessica (D:2)
  2 gnolls (D:3)
  An adder (D:2)
  A worm (D:2)
  3 orcs (D:3)
  3 ball pythons
  3 bats
  5 endoplasms
  4 giant cockroaches
  10 hobgoblins
  4 jackals (D:1)
  2 quokkas (D:3)
  4 frilled lizards (D:1)
  3 goblins
  14 kobolds
  2 rats
  3 toadstools (D:1)
65 creatures vanquished.

Vanquished Creatures (others)
  2 plants (D:1)
  A toadstool (D:1)
3 creatures vanquished.

Grand Total: 68 creatures vanquished

Notes
Turn   | Place    | Note
-------+----------+-------------------------------------------
     0 | D:1      | Sabo the Gargoyle Fighter began the quest for the Orb.
     0 | D:1      | Reached XP level 1. HP: 14/14 MP: 1/1
   250 | D:1      | Reached XP level 2. HP: 19/19 MP: 2/2
  1231 | D:1      | Reached XP level 3. HP: 22/23 MP: 3/3
  1890 | D:2      | Found a faded altar of an unknown god.
  1890 | D:2      | Noticed Jessica
  1898 | D:2      | Killed Jessica
  1899 | D:2      | Reached XP level 4. HP: 9/28 MP: 4/4
  2103 | D:2      | Became a worshipper of Fedhas Madash
  2103 | D:2      | Reached * piety under Fedhas
  2125 | D:2      | Reached skill level 1 in Short Blades
  2769 | D:3      | Found a hide-covered altar of Uskayaw.
  2769 | D:3      | Noticed a +0 dagger
  2770 | D:3      | Noticed a +0 hand axe
  2915 | D:3      | Found an iron altar of Okawaru.
  3039 | D:3      | Fell from the grace of Fedhas
  3039 | D:3      | Became a worshipper of Warmaster Okawaru
  3211 | D:3      | Reached XP level 5. HP: 28/33 MP: 5/5
  3509 | D:3      | Noticed a wandering mushroom
  3509 | D:3      | Noticed a wandering mushroom
  3509 | D:3      | Noticed a wandering mushroom
  3509 | D:3      | Noticed an oklob plant
  3513 | D:3      | Splashed by an oklob plant's acid

Illustrated notes

Levels and vault maps discovered:
D:1:      ldierk_water_garden, layout_loops_ring, serial_bayou_lake_a
D:2:      layout_loops_ring, basic_ecumenical_altar, grunt_ministairs_13,
          uniq_jessica
D:3:      minmay_goblin_kobold_castle, layout_loops_ring,
          okawaru_altar_gauntlet_db, dancing_weapons_uskayaw

Skill      XL: |  1  2  3  4 |
---------------+-------------+-----
Shields        | 4 |  4.3
Short Blades   | 1 |  1.7
Armour         | 4 |  4.0
Fighting       | |  3.7
Maces & Flails | |  2.3
Dodging        | |  0.8
Stealth        | |  0.1

Action                   |  1- 3 |  4- 6 || total
-------------------------+-------+-------++-------
Melee: Flail             |    52 |       ||    52
       Short sword       |    48 |   112 ||   160
  Use: Scroll            |       |     1 ||     1
       Potion            |       |     1 ||     1
Armor: Scale mail        |    49 |    68 ||   117
Dodge: Dodged            |    33 |    36 ||    69
Block: Kite shield       |    49 |    60 ||   109
